 Dungeon Crawl Stone Soup version 0.30-a0-1116-gebefce21f7 (webtiles) character file.

Game seed: 7707378475274892645

135 IdlyInterested the Trooper (level 4, -1/38 HPs)
             Began as a Demonspawn Fighter on Apr 21, 2023.
             Slain by a gnoll sergeant
             ... wielding a +0 antimagic spear
              (4 damage)
             ... on level 3 of the Dungeon.
             The game lasted 00:04:58 (2337 turns).

IdlyInterested the Trooper (Demonspawn Fighter)     Turns: 2337, Time: 00:04:59

Health: -1/38      AC:  7    Str: 16    XL:     4   Next: 96%
Magic:  0/4        EV:  9    Int:  9    God:
Gold:   103        SH:  5    Dex: 15    Spells: 3/3 levels left

rFire   . . .      SeeInvis .    a - +0 war axe
rCold   . . .      Faith    .    c - +0 buckler
rNeg    . . .      Spirit   .    b - +0 scale mail
rPois   .          Reflect  .    (no helmet)
rElec   .          Rampage  .    i - +0 cloak
rCorr   +                        (no gloves)
Will    .....                    (no boots) Stlth
                                 (no amulet)
HPRegen 0.26/turn                k - ring of resist corrosion
MPRegen 0.09/turn                (no ring)

@: mighty
A: spiny 2
a: no special abilities


You were on level 3 of the Dungeon.
You visited 1 branch of the dungeon, and saw 3 of its levels.

You collected 103 gold pieces.

Inventory:

Hand Weapons
 a - a +0 war axe (weapon)
Missiles
 e - 27 stones (quivered)
 n - 4 javelins
 t - 2 boomerangs
Armour
 b - a +0 scale mail (worn)
 c - a +0 buckler (worn)
 i - a +0 cloak (worn)
Magical Staves
 v - a staff of fire
Jewellery
 k - a ring of resist corrosion (left hand)
Scrolls
 g - 2 scrolls of noise {unknown}
 j - a scroll of enchant weapon {unknown}
 m - 2 scrolls of teleportation {unknown}
 p - a scroll of blinking {unknown}
 q - a scroll of immolation {unknown}
 r - a scroll of fog {unknown}
 u - 2 scrolls of amnesia {unknown}
 w - a scroll of poison {unknown}
 x - a scroll of identify {unknown}
Potions
 f - a potion of heal wounds {unknown}
 h - a potion of cancellation {unknown}
 l - 3 potions of mutation {unknown}
 o - a potion of resistance {unknown}
 s - 2 potions of curing {unknown}


   Skills:
 * Level 4.8 Fighting
 - Level 1.7 Axes
 - Level 1.0 Throwing
 - Level 3.0 Armour
 + Level 1.3 Dodging
 - Level 1.0 Stealth
 - Level 2.6 Shields


You had 3 spell levels left.
You didn't know any spells.
Your spell library contained the following spells:

 Spells                   Type           Power      Damage    Failure   Level
 Freeze                   Ice            0%         1d3       88%         1
 Poisonous Vapours        Pois/Air       0%         N/A       96%         2
 Frozen Ramparts          Ice            0%         1d1       99%         3
 Hailstorm                Conj/Ice       0%         3d3       99%         3
 Mephitic Cloud           Conj/Pois/Air  0%         N/A       99%         3
 Freezing Cloud           Conj/Ice/Air   0%         6-21      100%        5


Dungeon Overview and Level Annotations

Branches:
Dungeon (3/15)

Altars:


Innate Abilities, Weirdness & Mutations

You are mostly covered in sharp spines.


Message History

Aim: an orc, wielding a +0 trident and wearing a +0 leather armour (60% to hit)
Okay, then.
You feel very mighty all of a sudden. The orc hits you but does no damage.
An orc comes into view. It is wielding a +0 war axe.
The orc shouts!
The orc is struck by your spines. The orc hits you with a +0 trident.
You block the gnoll's attack. The gnoll barely misses you.
There is a large open door here.
You slash the orc!
You kill the orc!
You block the gnoll's attack. The gnoll closely misses you.
You slash the orc!
You kill the orc!
You slash the orc!
You kill the orc!
You block the gnoll's attack.
The gnoll hits you from afar with a +0 halberd!
The gnoll sergeant completely misses you.
The gnoll hits you from afar with a +0 halberd!
The gnoll hits you from afar with a +0 spear.
You block the gnoll sergeant's attack. The gnoll is struck by your spines.
The gnoll hits you with a +0 halberd. The gnoll hits you with a +0 spear.
* * * LOW HITPOINT WARNING * * *
Things that are here:
a +0 war axe; an orc corpse You hit the gnoll sergeant but do no damage.
You closely miss the gnoll. You slash the gnoll!
The gnoll sergeant closely misses you. The gnoll barely misses you.
You slash the gnoll sergeant!
The gnoll sergeant is severely wounded.
You slash the gnoll!
You kill the gnoll!
You closely miss the gnoll. You barely miss the gnoll.
The gnoll sergeant hits you with a +0 antimagic spear!
* * * LOW HITPOINT WARNING * * *
You feel your power leaking away. The gnoll closely misses you.
You block the gnoll's attack.
The gnoll sergeant hits you with a +0 antimagic spear.
You die...

~~~~~~~~~....~~~~~≈~~~~≈
..................).....
#########''''###########
#....# #....# #....#
#....#######++
#....#.g......
+....'@g......
+....')g......
#8..8#........
##############


You could see a gnoll sergeant and 2 gnolls.

Vanquished Creatures
  3 gnolls (D:3)
  3 adders
  A dart slug (D:3)
  4 orcs (D:3)
  2 ball pythons
  9 endoplasms
  3 giant cockroaches
  9 goblins
  9 hobgoblins
  4 jackals (D:3)
  11 kobolds
  3 quokkas
  7 bats
  3 frilled lizards (D:1)
  2 rats
73 creatures vanquished.

Notes
Turn   | Place    | Note
-------+----------+-------------------------------------------
     0 | D:1      | IdlyInterested the Demonspawn Fighter began the quest for
                  | the Orb.
     0 | D:1      | Reached XP level 1. HP: 18/18 MP: 1/1
    79 | D:1      | Reached skill level 1 in Dodging
   144 | D:1      | Gained mutation: You are partially covered in sharp spines.
                  | [demonic ancestry]
   144 | D:1      | Reached XP level 2. HP: 24/24 MP: 2/2
   225 | D:1      | Reached skill level 1 in Stealth
   314 | D:1      | Reached skill level 1 in Throwing
   314 | D:1      | Gained mutation: You are mostly covered in sharp spines.
                  | [demonic ancestry]
   314 | D:1      | Reached XP level 3. HP: 27/29 MP: 3/3
   947 | D:2      | Reached skill level 4 in Fighting
  1460 | D:2      | Reached XP level 4. HP: 37/37 MP: 4/4
  2330 | D:3      | Noticed a gnoll sergeant
  2337 | D:3      | Slain by a gnoll sergeant

Illustrated notes

Levels and vault maps discovered:
D:1:      saegor_arrival_simple_d, layout_basic, minmay_misc_feat_four_crosses,
          chequers_garden, minmay_strange_pillars, minmay_tromino_i2
D:2:      layout_basic, minmay_misc_feat_doors, st_stairs_10,
          kennysheep_generic_room_10
D:3:      lemuel_castle_with_subvaults [lemuel_castle_interior_carwin_2],
          layout_basic, serial_forest, infiniplex_forest_corner_1,
          infiniplex_forest_clump_small, infiniplex_forest_lined_3_way,
          infiniplex_forest_corner_1, infiniplex_forest_straight_2,
          infiniplex_forest_end_1, infiniplex_forest_straight_2,
          infiniplex_forest_clump_cross

Skill      XL: |  1  2  3  4 |
---------------+-------------+-----
Dodging        | 1 |  1.3
Stealth        | 1 |  1.0
Throwing       | 1 |  1.0
Fighting       | 4 |  4.8
Armour         | 3 |  3.0
Axes           | |  1.7
Shields        | |  2.6

Action                     |  1- 3 |  4- 6 || total
---------------------------+-------+-------++-------
  Melee: War axe           |    76 |    29 ||   105
    Use: Potion            |       |     1 ||     1
 Armour: Scale mail        |    33 |    13 ||    46
  Dodge: Dodged            |    28 |    14 ||    42
  Block: Buckler           |    10 |    11 ||    21

Table legend: (Time is in decaauts)
 A = Elapsed time spent in this place.
 B = Non-inter-level travel time spent in this place.
 C = Inter-level travel time spent in this place.
 D = Time resting spent in this place.
 E = Time spent auto-exploring this place.
 F = Levels seen in this place.
 G = Mean time per level.
                   A        B        C        D        E       F      G
               +--------+--------+--------+--------+--------+-----+--------+
         Total |   2387 |   2054 |    333 |     52 |   1462 |   3 |  795.7 |
       Dungeon |   2387 |   2054 |    333 |     52 |   1462 |   3 |  795.7 |
               +--------+--------+--------+--------+--------+-----+--------+

Top non-repeatable levels by time:
     D:1: 1007 daAuts
     D:3: 757 daAuts
     D:2: 622 daAuts
